AoeStats
← [GDL] Maldito Pantoja

African Clearing

503929592Analyzed
4v4 RM · 1mo ago on Sep 3, 2026· 74m 38s· 8 players
Game mode
Random Map
Map size
Large (8 player)
Population
200
Speed
Normal
Resources
Standard
Victory
Conquest
Starting age
Dark Age
Ending age
Imperial Age
RankedLock teamsTeams togetherTeam positionsShared explorationLock speedFull tech treeHidden civsTurbo modeCheats
Victory
Defeat
🇲🇽 Mongols · Mexico
1482
+11
🇲🇽 Koreans · Mexico
1445
+13
🇦🇷 Hindustanis · Argentina
1387
+16
🇲🇽 Vietnamese · Mexico
1382
+16
🇧🇷 Magyars · Brazil
1435
-17
🇧🇷 Persians · Brazil
1398
-15
🇲🇽 Huns · Mexico
1356
-13
🇦🇷 Gurjaras · Argentina
1320
-11
TmZ_Mosquito Sedutor
4:26 Loom
15:15 Feudal Age
15:46 Town Watch
16:36 Double-Bit Axe
21:17 Castle Age
19:27 Stone Mining
19:27 Gold Mining
19:35 Horse Collar
25:16 Bow Saw
34:19 Wheelbarrow
34:32 Wheelbarrow
36:31 Hand Cart
36:52 Heavy Plow
38:42 Gold Shaft Mining
41:26 Stone Shaft Mining
42:00 Husbandry
42:11 Bloodlines
43:48 Town Patrol
46:36 Scale Barding Armor
46:41 Forging
47:42 Chain Barding Armor
51:11 Imperial Age
49:03 Thumb Ring
51:05 Cavalier
52:30 Kamandaran
51:53 Crossbowman
52:35 Padded Archer Armor
54:44 Chain Barding Armor
55:43 Iron Casting
56:00 Leather Archer Armor
55:35 Fletching
57:00 Two-Man Saw
55:55 Fletching
57:12 Plate Barding Armor
58:02 Blast Furnace
58:07 Crop Rotation
59:03 Ring Archer Armor
58:28 Bodkin Arrow
58:58 Ballistics
59:50 Conscription
61:32 Citadels
61:57 Hoardings
61:44 Savar
68:02 Light Cavalry
70:27 Elite Skirmisher
70:56 Elite Skirmisher
73:12 Hussar
74:02 Murder Holes
[GDL] Maldito Pantoja
6:49 Loom
12:39 Feudal Age
18:03 Castle Age
32:58 Horse Collar
33:10 Double-Bit Axe
36:05 Wheelbarrow
36:51 Bow Saw
36:42 Heavy Plow
37:08 Stone Mining
37:08 Gold Mining
41:28 Scale Barding Armor
45:27 Imperial Age
43:09 Forging
44:13 Chain Barding Armor
45:04 Gold Shaft Mining
44:50 Husbandry
44:46 Fletching
45:46 Bloodlines
45:42 Cavalier
47:18 Conscription
47:36 Iron Casting
49:18 Blast Furnace
49:01 Plate Barding Armor
49:52 Bodkin Arrow
49:57 Padded Archer Armor
50:23 Hand Cart
50:49 Bracer
51:06 Town Watch
51:36 Thumb Ring
51:56 Parthian Tactics
52:10 Ballistics
52:51 Chemistry
51:38 Heavy Cavalry Archer
56:40 Leather Archer Armor
56:07 Capped Ram
60:34 Elite Skirmisher
60:46 Elite Skirmisher
felixaleman1010
11:13 Loom
13:24 Feudal Age
15:30 Horse Collar
15:36 Double-Bit Axe
18:17 Castle Age
17:24 Bloodlines
17:21 Scale Barding Armor
17:27 Forging
18:30 Forging
27:50 Husbandry
30:53 Wheelbarrow
33:54 Chain Barding Armor
45:51 Iron Casting
49:18 Imperial Age
49:27 Imperial Age
46:46 Town Watch
49:45 Heavy Camel Rider
49:46 Elite Shrivamsha Rider
51:03 Plate Barding Armor
51:06 Bow Saw
51:18 Town Patrol
51:06 Elite Shrivamsha Rider
51:12 Heavy Camel Rider
52:35 Hand Cart
53:36 Elite Shrivamsha Rider
55:13 Fletching
55:24 Padded Archer Armor
55:24 Scale Mail Armor
56:25 Frontier Guards
56:35 Conscription
58:26 Elite Elephant Archer
61:16 Ballistics
63:50 Thumb Ring
63:14 Elite Skirmisher
71:26 Bodkin Arrow
71:47 Leather Archer Armor
TmZ_Zanat
3:57 Loom
12:50 Feudal Age
15:13 Double-Bit Axe
19:28 Scale Barding Armor
19:51 Horse Collar
24:07 Castle Age
22:35 Bloodlines
23:42 Wheelbarrow
25:20 Bow Saw
24:49 Light Cavalry
26:04 Husbandry
28:59 Town Watch
29:09 Gold Mining
30:34 Chain Barding Armor
32:36 Hand Cart
35:31 Stone Mining
36:24 Heavy Plow
39:43 Fletching
40:07 Man-at-Arms
45:26 Imperial Age
44:11 Gold Shaft Mining
46:00 Cavalier
47:17 Plate Barding Armor
47:05 Hussar
49:56 Conscription
48:59 Elite Magyar Huszar
49:46 Corvinian Army
50:39 Paladin
52:23 Bodkin Arrow
55:22 Town Patrol
56:26 Two-Man Saw
55:57 Crop Rotation
56:02 Bracer
56:32 Padded Archer Armor
56:43 Elite Skirmisher
57:51 Thumb Ring
59:56 Hoardings
60:24 Leather Archer Armor
65:15 Ring Archer Armor
65:51 Parthian Tactics
64:54 Pikeman
65:09 Crossbowman
65:56 Scale Mail Armor
65:18 Crossbowman
71:34 Chemistry
70:18 Halberdier
[AOQ] Mini Viper
8:42 Loom
15:20 Feudal Age
19:27 Castle Age
17:48 Double-Bit Axe
18:21 Stone Mining
25:39 Pikeman
26:48 Forging
27:17 Scale Mail Armor
30:37 Gold Mining
35:31 Squires
35:16 Arson
36:39 Chain Mail Armor
37:49 Iron Casting
41:45 Bow Saw
46:10 Imperial Age
46:59 Gold Shaft Mining
48:18 Two-Man Saw
46:52 Elite Fire Lancer
49:15 Plate Mail Armor
69:09 Scale Barding Armor
68:49 Light Cavalry
69:30 Husbandry
69:46 Hussar
70:58 Horse Collar
73:02 Elite Skirmisher
73:39 Fletching
74:19 Thumb Ring
oscbennetts
13:55 Feudal Age
17:58 Castle Age
16:21 Double-Bit Axe
16:28 Gold Mining
16:44 Fletching
17:16 Padded Archer Armor
18:44 Bodkin Arrow
23:04 Crossbowman
25:32 Ballistics
27:00 Thumb Ring
31:53 Pikeman
33:56 Loom
34:13 Horse Collar
35:41 Bow Saw
38:13 Leather Archer Armor
50:10 Wheelbarrow
50:29 Scale Mail Armor
50:40 Forging
50:56 Hand Cart
53:53 Imperial Age
52:00 Chain Mail Armor
52:14 Squires
52:00 Arson
52:52 Iron Casting
56:58 Imperial Age
56:11 Stone Mining
56:59 Halberdier
58:11 Plate Mail Armor
58:14 Bracer
58:44 Ring Archer Armor
59:49 Chemistry
67:49 Two-Man Saw
68:53 Elite Skirmisher
69:22 Treadmill Crane
70:01 Heavy Plow
70:09 Imperial Skirmisher
Zellet 3000
6:08 Loom
14:58 Feudal Age
18:43 Castle Age
16:40 Double-Bit Axe
16:49 Gold Mining
16:57 Fletching
18:47 Padded Archer Armor
33:37 Horse Collar
41:32 Wheelbarrow
41:28 Bow Saw
45:27 Imperial Age
44:37 Gold Shaft Mining
44:15 Bodkin Arrow
45:00 Hand Cart
45:06 Stone Mining
45:38 Husbandry
47:13 Conscription
46:54 Bracer
47:45 Leather Archer Armor
48:24 Ballistics
49:38 Stone Shaft Mining
49:05 Heavy Plow
49:22 Town Watch
52:19 Bloodlines
53:11 Chemistry
56:45 Thumb Ring
59:42 Parthian Tactics
62:45 Elite Mangudai
65:32 Hoardings
68:56 Nomads
69:13 Masonry
cuba
13:42 Loom
15:46 Feudal Age
16:28 Double-Bit Axe
20:48 Wheelbarrow
26:22 Castle Age
24:57 Scale Mail Armor
40:31 Bow Saw
45:09 Gold Mining
46:50 Forging
49:00 Horse Collar
50:14 Scale Barding Armor
51:16 Iron Casting
51:52 Chain Barding Armor
51:58 Hand Cart
52:17 Bloodlines
59:00 Imperial Age
56:58 Husbandry
59:02 Grand Trunk Road
59:07 Heavy Camel Rider
60:23 Plate Barding Armor
61:40 Imperial Camel Rider
64:14 Blast Furnace
Connection lost

Rejoining the realm…

Still unreachable

The connection could not be restored.

Session expired

The server has moved on; the page needs a fresh start.